[Event "Titled Tuesday Blitz November 29 Early 2022"]
[White "Salman, Pavel"]
[Black "Sokolovsky, Yahli"]
[WhiteFideId "24153753"]
[BlackFideId "2820242"]
[WhiteElo "2187"]
[BlackElo "2316"]
[Result "1-0"]
[Round "10"]
[TimeControl "180+1"]
[Date "2022.11.30"]
[WhiteClock "0:00:40"]
[BlackClock "0:00:01"]

1. Nf3 d5 2. g3 g6 3. Bg2 Bg7 4. O-O e5 5. d3 Ne7 6. Nbd2 O-O 7. e4 d4 8. Nc4 Nbc6 9. a4 h6 10. Nfd2 Be6 11. f4 exf4 12. gxf4 f5 13. b3 Qd7 14. Ba3 Rf7 15. Qe2 a6 16. a5 Raf8 17. e5 Re8 18. Bxe7 Rfxe7 19. Qf2 Bd5 20. Nf3 Rd8 21. Qg3 Kh7 22. Qh4 Kg8 23. Qg3 Re6 24. Rf2 Qe7 25. Nh4 Kh7 26. Bxd5 Rxd5 27. Rg2 Qf7 28. Kh1 Ne7 29. Rag1 Rd8 30. Nf3 Kg8 31. Qf2 Nc6 32. Ncd2 Rd5 33. Nh4 Ne7 34. Ndf3 c5 35. Qg3 Kh7 36. Qh3 Kg8 37. Qg3 Kh7 38. Nd2 Rd8 39. Nc4 Rd7 40. Nf3 Nc6 41. Nd6 Rdxd6 42. exd6 Rxd6 43. Re1 Ne7 44. Qh4 Kg8 45. Qxe7 Qd5 46. Qe2 Kh7 47. Kg1 Rd7 48. Qe6 Qxf3 49. Qxg6+ 1-0


[Site "https://www.chess.com"]

[Event "Titled Tuesday Blitz November 29 Early 2022"]
[White "Sarana, Alexey"]
[Black "Kamsky, Gata"]
[WhiteFideId "24133795"]
[BlackFideId "2000024"]
[WhiteElo "2708"]
[BlackElo "2666"]
[Result "0-1"]
[Round "10"]
[TimeControl "180+1"]
[Date "2022.11.29"]
[WhiteClock "0:00:04"]
[BlackClock "0:00:13"]

1. c4 f5 2. Nc3 Nf6 3. g3 e5 4. Nf3 Nc6 5. d4 e4 6. Nh4 g6 7. Bg5 Be7 8. Bg2 O-O 9. O-O Ng4 10. Bxe7 Nxe7 11. Qd2 d5 12. f3 exf3 13. exf3 Nf6 14. c5 Be6 15. f4 Ne4 16. Qd3 Nc6 17. Nf3 Qf6 18. Ne5 Nxe5 19. fxe5 Qg5 20. Rf4 c6 21. Raf1 b6 22. b4 a5 23. Bxe4 dxe4 24. Qe3 Qe7 25. b5 bxc5 26. dxc5 Bc4 27. Rd1 cxb5 28. Rd6 Qxe5 29. Rf2 Rac8 30. Rfd2 Qxc5 31. R2d4 Bf7 32. Ne2 b4 33. h4 Qe5 34. h5 gxh5 35. Rd7 Kh8 36. R4d6 Rg8 37. Kf2 Rg7 38. Ra6 h4 39. gxh4 Bc4 40. Rxg7 Kxg7 41. Ra7+ Kh8 42. Nf4 Rg8 43. h5 Qb2+ 44. Ke1 Qb1+ 45. Kd2 Rd8+ 46. Nd3 Rxd3+ 0-1


[Site "https://www.chess.com"]

[Event "Titled Tuesday Blitz November 29 Early 2022"]
[White "Saravana, Krishnan P."]
[Black "Szyszylo, Rafal"]
[WhiteFideId "5018382"]
[BlackFideId "1109626"]
[WhiteElo "2155"]
[BlackElo "1981"]
[Result "0-1"]
[Round "10"]
[TimeControl "180+1"]
[Date "2022.11.30"]
[WhiteClock "0:00:06"]
[BlackClock "0:00:01"]

1. d4 d6 2. e4 g6 3. Nc3 Nf6 4. Bg5 Bg7 5. Qd2 c6 6. f4 b5 7. Bd3 Qb6 8. Nf3 Bg4 9. Ne2 Bxf3 10. gxf3 Nbd7 11. O-O-O c5 12. e5 Nd5 13. Be4 e6 14. Bxd5 exd5 15. Nc3 Qa5 16. Kb1 O-O 17. Nxd5 b4 18. dxc5 Nxc5 19. Be7 dxe5 20. fxe5 Bxe5 21. Rhe1 Bg7 22. Bxf8 Rxf8 23. Qxb4 Qxb4 24. Nxb4 Rb8 25. a3 Na4 26. c3 a5 27. Nd3 Nxc3+ 28. Kc2 Nxd1 29. Rxd1 a4 30. Nb4 Bf8 31. Rd4 Re8 32. Kd3 h5 33. Nd5 Bg7 34. Rxa4 Bxb2 35. Ra6 Kg7 36. a4 Rd8 37. Kc4 Be5 38. a5 Bxh2 39. Ra7 Bg1 40. Rb7 Rc8+ 41. Kd3 Ra8 42. Rb5 h4 43. Ke2 h3 44. Kf1 Bd4 45. Nf4 h2 46. Kg2 Bg1 47. Ne2 Re8 48. Nxg1 hxg1=Q+ 49. Kxg1 Re2 50. Kf1 Ra2 51. Rd5 f5 52. Ke1 Kf6 53. f4 Ra4 54. Rd6+ Kg7 55. a6 Rxf4 56. a7 Ra4 57. Rd7+ Kf6 58. Ke2 g5 59. Kf2 g4 60. Rb7 Kg5 61. Kg3 Ra3+ 62. Kg2 f4 63. Rb5+ Kh4 64. Rb7 Ra2+ 65. Kg1 f3 66. Kf1 g3 67. Rh7+ Kg4 68. Rg7+ Kf4 69. Rf7+ Ke4 70. Re7+ Kd5 71. Rd7+ Ke6 72. Rd1 Rxa7 73. Ke1 Ra2 74. Rd3 g2 75. Re3+ Kd5 76. Rd3+ Ke4 0-1


[Site "https://www.chess.com"]

[Event "Titled Tuesday Blitz November 29 Early 2022"]
[White "Seletsky, Grigory"]
[Black "De Souza, Cristiano Gomes"]
[WhiteFideId "14112191"]
[BlackFideId "2151758"]
[WhiteElo "2492"]
[BlackElo "2068"]
[Result "1-0"]
[Round "10"]
[TimeControl "180+1"]
[Date "2022.11.30"]
[WhiteClock "0:01:35"]
[BlackClock "0:00:45"]

1. e4 c5 2. Nf3 d6 3. d4 cxd4 4. Nxd4 Nf6 5. Nc3 a6 6. f3 e5 7. Nb3 Be6 8. Be3 Be7 9. Qd2 Nbd7 10. O-O-O b5 11. g4 b4 12. Na4 a5 13. Bb5 O-O 14. g5 Nh5 15. Bxd7 Bxd7 16. Nb6 Ra6 17. Nxd7 Qxd7 18. Kb1 Qb5 19. Qd3 Qxd3 20. Rxd3 a4 21. Nd2 Rc8 22. h4 g6 23. Rc1 Rac6 24. b3 a3 25. Nc4 Ng7 26. Nb6 Rd8 27. Nd5 Kf8 28. Nxb4 Rcc8 29. c4 Ne6 30. Nd5 Nc5 31. Bxc5 dxc5 32. Rcd1 Ke8 33. Nc3 Rd4 34. Nb5 Rxd3 35. Rxd3 1-0


[Site "https://www.chess.com"]

[Event "Titled Tuesday Blitz November 29 Early 2022"]
[White "Sengupta, Deep"]
[Black "Kvaloy, Aksel Bu"]
[WhiteFideId "5008352"]
[BlackFideId "1528815"]
[WhiteElo "2397"]
[BlackElo "2184"]
[Result "1-0"]
[Round "10"]
[TimeControl "180+1"]
[Date "2022.11.30"]
[WhiteClock "0:00:23"]
[BlackClock "0:00:31"]

1. Nf3 d5 2. e3 Nf6 3. c4 e6 4. Nc3 c5 5. cxd5 exd5 6. Bb5+ Nc6 7. d4 a6 8. Be2 cxd4 9. Nxd4 Bc5 10. O-O Nxd4 11. exd4 Bd6 12. Bg5 Be6 13. Bf3 O-O 14. Re1 h6 15. Bh4 Be7 16. Qd3 Qd7 17. Re5 Ng4 18. Rxe6 Bxh4 19. Re2 Rfe8 20. g3 Rxe2 21. Qxe2 Re8 22. Bxg4 Rxe2 23. Bxd7 Re7 24. gxh4 Rxd7 25. Re1 Kf8 26. Re5 b5 27. Rxd5 Rc7 28. Rc5 Rd7 29. d5 Ke7 30. b4 Kd6 31. Rc6+ Ke5 32. Rxa6 Kd4 33. Rc6 Ra7 34. d6 Rd7 35. Nxb5+ Kd5 36. Rc7 Rd8 37. Rxf7 Rb8 38. a4 Ra8 39. Rf5+ Ke6 40. Nc7+ Kxf5 41. Nxa8 Ke6 42. a5 Kxd6 43. b5 Kd7 44. Nb6+ Kc7 45. Nc4 Kb7 46. h5 g5 47. hxg6 h5 48. g7 h4 49. g8=Q h3 50. Qf7+ Kc8 51. b6 Kd8 52. Qc7+ Ke8 53. Nd6+ Kf8 54. Qf7# 1-0


[Site "https://www.chess.com"]

[Event "Titled Tuesday Blitz November 29 Early 2022"]
[White "Shimanov, Aleksandr"]
[Black "Zhu, Jiner"]
[WhiteFideId "4198603"]
[BlackFideId "8608059"]
[WhiteElo "2605"]
[BlackElo "2384"]
[Result "1-0"]
[Round "10"]
[TimeControl "180+1"]
[Date "2022.11.29"]
[WhiteClock "0:00:54"]
[BlackClock "0:00:09"]

1. d4 Nf6 2. Nc3 d5 3. Bf4 e6 4. Nb5 Na6 5. e3 c6 6. Nc3 c5 7. Nf3 Be7 8. Ne5 O-O 9. Bxa6 bxa6 10. Nc6 Qe8 11. Nxe7+ Qxe7 12. dxc5 Qxc5 13. Qd4 Qxd4 14. exd4 Bd7 15. O-O-O Rfc8 16. f3 a5 17. Rhe1 a4 18. Re3 a3 19. b3 a5 20. Nb1 a4 21. b4 Bb5 22. Nxa3 Bc4 23. Kb2 Nd7 24. Rc3 Nb6 25. Bd6 Be2 26. Rd2 Nc4+ 27. Nxc4 Bxc4 28. a3 Bb5 29. Rc5 Bc4 30. Kc3 h5 31. Rd1 Kh7 32. Rb1 Bb5 33. Bc7 Ra7 34. Rxb5 Rcxc7+ 35. Rc5 Rcb7 36. b5 Kg6 37. Kb4 Kf5 38. Rc6 Kf4 39. Kc5 Ra5 40. Rc8 Ke3 41. Kc6 Re7 42. b6 Kxd4 43. b7 Rc5+ 44. Kd6 Rxb7 45. Rd1+ 1-0


[Site "https://www.chess.com"]

[Event "Titled Tuesday Blitz November 29 Early 2022"]
[White "Shuvalov, Evgenij"]
[Black "Szpar, Milosz"]
[WhiteFideId "4187237"]
[BlackFideId "1184989"]
[WhiteElo "2049"]
[BlackElo "2422"]
[Result "0-1"]
[Round "10"]
[TimeControl "180+1"]
[Date "2022.11.30"]
[WhiteClock "0:00:28"]
[BlackClock "0:00:14"]

1. b4 e5 2. Bb2 Bxb4 3. Bxe5 Nf6 4. Nc3 Ng4 5. Bg3 d5 6. e4 Bxc3 7. dxc3 dxe4 8. Qxd8+ Kxd8 9. Bc4 f6 10. Rd1+ Bd7 11. Ne2 Kc8 12. Nf4 Nc6 13. Nd5 Nge5 14. Be2 Re8 15. O-O Bg4 16. Rfe1 Bxe2 17. Rxe2 f5 18. Red2 b6 19. Nb4 Kb7 20. Nxc6 Kxc6 21. Bxe5 Rxe5 22. Rd7 Rc5 23. Rxg7 Rxc3 24. Rd2 f4 25. Rxh7 e3 26. fxe3 fxe3 27. Re2 Rd8 28. g4 Rd2 29. Kf1 Rcxc2 30. Rxe3 Rxa2 31. g5 Rf2+ 32. Ke1 Rg2 33. Kf1 Rxg5 34. Ree7 Rf5+ 35. Ke1 Kb5 36. Rxc7 a5 37. h4 a4 38. h5 Rg5 39. Rcg7 Rxg7 40. Rxg7 Rh2 41. Rh7 Kb4 42. h6 a3 43. Kd1 a2 44. Ra7 Rh1+ 45. Kc2 a1=Q 46. Rxa1 Rxa1 47. Kd3 Rh1 48. Ke4 Rxh6 0-1


[Site "https://www.chess.com"]

[Event "Titled Tuesday Blitz November 29 Early 2022"]
[White "Simonovic, Miroslav"]
[Black "Winkels, Marcel"]
[WhiteFideId "919152"]
[BlackFideId "1003887"]
[WhiteElo "2043"]
[BlackElo "1900"]
[Result "1-0"]
[Round "10"]
[TimeControl "180+1"]
[Date "2022.11.30"]
[WhiteClock "0:00:49"]
[BlackClock "0:00:13"]

1. d4 Nf6 2. Bg5 d5 3. Bxf6 gxf6 4. e3 Bg7 5. a3 O-O 6. c4 c6 7. cxd5 cxd5 8. Nc3 Nc6 9. g3 e6 10. Bg2 b6 11. Nge2 Ba6 12. O-O Rc8 13. b4 Bc4 14. Rc1 a5 15. b5 Nb8 16. a4 Qd7 17. Qc2 Rfd8 18. Qb2 Qe7 19. Rc2 Qb4 20. Rfc1 Nd7 21. Bf1 e5 22. Qxb4 axb4 23. Nxd5 b3 24. Rxc4 Rxc4 25. Rxc4 b2 26. Rb4 exd4 27. Nxd4 f5 28. Ne7+ Kf8 29. Nec6 Ra8 30. Rxb2 Rxa4 31. Bd3 f4 32. gxf4 Nf6 33. Kg2 Ra1 34. Rb1 Ra2 35. h3 Nd5 36. Kf3 Ra3 37. Rb3 Ra2 38. Bxh7 Nc3 39. Rxc3 1-0


[Site "https://www.chess.com"]

[Event "Titled Tuesday Blitz November 29 Early 2022"]
[White "Tarasova, Viktoriya"]
[Black "Bowden, Karl"]
[WhiteFideId "4175840"]
[BlackFideId "400548"]
[WhiteElo "2182"]
[BlackElo "2481"]
[Result "1-0"]
[Round "10"]
[TimeControl "180+1"]
[Date "2022.11.30"]
[WhiteClock "0:01:07"]
[BlackClock "0:00:11"]

1. d4 Nf6 2. c4 c5 3. d5 Ne4 4. Qc2 Qa5+ 5. Nd2 Nd6 6. e4 g6 7. Bd3 Bg7 8. Nf3 Na6 9. O-O Nb4 10. Qb1 Nxd3 11. Qxd3 O-O 12. Nb3 Qc7 13. e5 Nf5 14. Bf4 d6 15. Rfe1 a5 16. Nbd2 a4 17. Re2 dxe5 18. Bxe5 Bxe5 19. Rxe5 a3 20. b3 e6 21. Rae1 f6 22. R5e2 e5 23. Ne4 Nd6 24. Nxd6 Qxd6 25. Nd2 Bf5 26. Qf3 Rae8 27. g4 Bc2 28. Qc3 Qd7 29. h3 h5 30. Qxc2 e4 31. Rxe4 hxg4 32. Rxe8 1-0


[Site "https://www.chess.com"]

[Event "Titled Tuesday Blitz November 29 Early 2022"]
[White "Tarlabasi, Emirhan"]
[Black "Ronka, Erik"]
[WhiteFideId "6350275"]
[BlackFideId "505080"]
[WhiteElo "2200"]
[BlackElo "2264"]
[Result "0-1"]
[Round "10"]
[TimeControl "180+1"]
[Date "2022.11.30"]
[WhiteClock "0:02:15"]
[BlackClock "0:01:22"]

1. Nf3 Nf6 2. c4 e6 3. b3 a6 4. Bb2 b5 5. cxb5 axb5 6. g3 Bb7 7. Bg2 c5 8. d4 cxd4 9. Qxd4 Nc6 10. Qd2 Bb4 11. Nc3 Ne4 12. Qc2 Qa5 13. Rc1 Nxc3 14. Bxc3 Bxc3+ 15. Qxc3 Qxc3+ 16. Rxc3 Rxa2 17. O-O Rxe2 18. Ra1 O-O 19. Nd4 Nxd4 20. Bxb7 Rb2 21. Rd3 Nxb3 22. Rxd7 Nxa1 0-1


[Site "https://www.chess.com"]

[Event "Titled Tuesday Blitz November 29 Early 2022"]
[White "Terzi, Alexei"]
[Black "Yuan, Qingyu"]
[WhiteFideId "13505076"]
[BlackFideId "8609772"]
[WhiteElo "2172"]
[BlackElo "2359"]
[Result "0-1"]
[Round "10"]
[TimeControl "180+1"]
[Date "2022.11.29"]
[WhiteClock "0:00:07"]
[BlackClock "0:00:25"]

1. d4 Nf6 2. Nf3 d5 3. Bf4 e6 4. e3 Bd6 5. Nbd2 O-O 6. Bd3 c5 7. c3 Bxf4 8. exf4 b6 9. O-O Qd6 10. g3 Ba6 11. Qe2 Bxd3 12. Qxd3 Nc6 13. Rfe1 Rac8 14. Ne5 cxd4 15. Nxc6 dxc3 16. Nxa7 cxd2 17. Qxd2 Rc5 18. a4 h5 19. Nb5 Qd7 20. Rac1 Ne4 21. Qd4 Rfc8 22. Rxc5 Nxc5 23. Rc1 Ra8 24. Rxc5 bxc5 25. Qxc5 Rxa4 26. b4 Ra8 27. Nd6 Ra6 28. Nb5 Rc6 29. Qe3 Rc4 30. Nd4 Qa7 31. Nf5 Qxe3 32. Nxe3 Rxb4 33. Kf1 Rb2 34. Nd1 Ra2 35. Nc3 Rc2 36. Ne2 Kh7 37. Nd4 Ra2 38. h3 Kg6 39. g4 Ra4 40. Ne2 Ra3 41. Kg2 hxg4 42. hxg4 Kf6 43. Nd4 g5 44. f5 Ra4 45. fxe6 Rxd4 0-1


[Site "https://www.chess.com"]

[Event "Titled Tuesday Blitz November 29 Early 2022"]
[White "Trost, Edvin"]
[Black "Ismayil, Malak"]
[WhiteFideId "1729519"]
[BlackFideId "13412604"]
[WhiteElo "2247"]
[BlackElo "1879"]
[Result "1-0"]
[Round "10"]
[TimeControl "180+1"]
[Date "2022.11.30"]
[WhiteClock "0:01:36"]
[BlackClock "0:00:56"]

1. d4 Nf6 2. Nf3 g6 3. c4 Bg7 4. Nc3 O-O 5. e4 d6 6. h3 e5 7. dxe5 dxe5 8. Qxd8 Rxd8 9. Bg5 Re8 10. O-O-O c6 11. Nxe5 h6 12. Bf4 Na6 13. Bh2 Nc5 14. Bd3 Be6 15. Rhe1 Nxd3+ 16. Rxd3 Bxc4 17. Nxc4 b5 18. Nd6 Re7 19. e5 Nd7 20. f4 Nc5 21. Rd2 b4 22. Nce4 Ne6 23. Kb1 a5 24. Rc1 Ra6 25. g4 g5 26. f5 Nf4 27. Bxf4 gxf4 28. f6 Rxe5 29. fxg7 1-0


[Site "https://www.chess.com"]

[Event "Titled Tuesday Blitz November 29 Early 2022"]
[White "Tsatsalashvili, Keti"]
[Black "Bai, Adelard"]
[WhiteFideId "13603434"]
[BlackFideId "16301188"]
[WhiteElo "2220"]
[BlackElo "2299"]
[Result "0-1"]
[Round "10"]
[TimeControl "180+1"]
[Date "2022.11.30"]
[WhiteClock "0:00:13"]
[BlackClock "0:00:21"]

1. d4 Nf6 2. c4 e6 3. Nf3 Bb4+ 4. Nbd2 O-O 5. e3 b6 6. Bd3 Bb7 7. O-O c5 8. a3 Bxd2 9. Bxd2 cxd4 10. Nxd4 d6 11. Rc1 Qe7 12. Qe1 Ne4 13. Qe2 Nxd2 14. Qxd2 Nd7 15. Rfd1 a6 16. Bb1 Rac8 17. e4 Ne5 18. b3 Rfd8 19. Qb4 Qc7 20. h3 d5 21. exd5 exd5 22. Nf5 Kh8 23. Ne7 Nc6 24. Nxc6 Qxc6 25. Qe7 Rd7 26. Qh4 h6 27. Qg4 Rdc7 28. Bf5 Rd8 29. Rc2 d4 30. Rcd2 g6 31. Bd3 Rcd7 32. f3 Qf6 33. Be4 Bxe4 34. Qxe4 Kg7 35. Rd3 a5 36. Qg4 h5 37. Qe4 Re7 38. Qc6 Qxc6 0-1


[Site "https://www.chess.com"]

[Event "Titled Tuesday Blitz November 29 Early 2022"]
[White "Urazayev, Arystanbek"]
[Black "Gabdrakhmanov, Azat"]
[WhiteFideId "13709810"]
[BlackFideId "34189197"]
[WhiteElo "2441"]
[BlackElo "2254"]
[Result "1-0"]
[Round "10"]
[TimeControl "180+1"]
[Date "2022.11.29"]
[WhiteClock "0:01:00"]
[BlackClock "0:00:14"]

1. c4 Nf6 2. Nc3 c5 3. g3 g6 4. Bg2 Bg7 5. d3 O-O 6. Rb1 Nc6 7. Bd2 e6 8. Nf3 d5 9. O-O d4 10. Na4 Nd7 11. a3 a5 12. b4 axb4 13. axb4 cxb4 14. Bxb4 Nxb4 15. Rxb4 Qc7 16. Rb1 Ra6 17. Nd2 Nf6 18. c5 Nd5 19. Nc4 Bd7 20. Nab6 Nc3 21. Qb3 Nxb1 22. Nxd7 Qxd7 23. Rxb1 Ra5 24. Qb6 Ra2 25. Bxb7 Qd8 26. Qxd8 Rxd8 27. c6 Rxe2 28. c7 Rf8 29. c8=Q Rxc8 30. Bxc8 Bf8 31. Bb7 h5 32. h4 Rc2 33. Be4 Rc3 34. Rd1 f5 35. Bf3 Bg7 36. Kf1 e5 37. Bd5+ Kf8 38. Ra1 Bf6 39. Ra8+ Kg7 40. Nd6 Kh7 41. Ra7+ Kh8 42. Nf7+ Kg8 43. Nxe5+ Kf8 44. Rf7+ 1-0


[Site "https://www.chess.com"]

[Event "Titled Tuesday Blitz November 29 Early 2022"]
[White "Van Osch, Mees"]
[Black "D`Arruda, Ricardo D."]
[WhiteFideId "1035967"]
[BlackFideId "100692"]
[WhiteElo "2324"]
[BlackElo "2461"]
[Result "1-0"]
[Round "10"]
[TimeControl "180+1"]
[Date "2022.11.30"]
[WhiteClock "0:00:24"]
[BlackClock "0:00:01"]

1. e4 c5 2. Nf3 Nc6 3. Bb5 g6 4. Bxc6 dxc6 5. d3 c4 6. dxc4 Qxd1+ 7. Kxd1 Nf6 8. Re1 Bg7 9. h3 O-O 10. Bf4 Nxe4 11. Rxe4 Bxb2 12. Be5 Bxa1 13. Bxa1 Bf5 14. Re2 Rad8+ 15. Kc1 Rfe8 16. g4 Bc8 17. Nbd2 f6 18. Ne4 Kf7 19. Bb2 b6 20. c5 Ba6 21. Re3 Rd7 22. g5 Red8 23. Bc3 Rd1+ 24. Kb2 f5 25. Ne5+ Ke8 26. Nf6+ exf6 27. Nxc6+ Kf7 28. Re7+ Kf8 29. gxf6 R8d7 30. Rxd7 Rxd7 31. Nb8 Bc8 32. Nxd7+ Bxd7 33. cxb6 axb6 34. Kb3 Be6+ 35. Kb4 Bxa2 36. Kb5 Bb1 37. Bb4+ Kf7 38. c3 Kxf6 39. Kxb6 Ke6 40. c4 Kd7 41. c5 Be4 42. Kb5 g5 43. Bd2 g4 44. h4 Bc6+ 45. Kc4 Ke6 46. Bf4 h5 47. Kd4 Bd5 48. Bd6 Bc6 49. Ke3 Bd5 50. Kf4 Bf3 51. Kg5 Be2 52. Bg3 Bd1 53. c6 Bf3 54. c7 Kd7 55. Kxf5 Be2 56. Kg5 Ba6 57. Kxh5 Bc8 58. Kg6 Ke6 59. h5 Ke7 60. Kg7 1-0


[Site "https://www.chess.com"]

[Event "Titled Tuesday Blitz November 29 Early 2022"]
[White "Vifleemskaia, Svetlana"]
[Black "Blokhin, Sofia"]
[WhiteFideId "4129490"]
[BlackFideId "4508190"]
[WhiteElo "1929"]
[BlackElo "2005"]
[Result "1-0"]
[Round "10"]
[TimeControl "180+1"]
[Date "2022.11.30"]
[WhiteClock "0:00:09"]
[BlackClock "0:00:02"]

1. d4 f5 2. c4 e6 3. Nf3 Nf6 4. Bf4 Be7 5. Nc3 O-O 6. e3 d6 7. h3 b6 8. Bd3 h6 9. O-O Bb7 10. Qc2 Bxf3 11. gxf3 Qe8 12. Kh2 Qh5 13. Rg1 Kh8 14. Be2 Nbd7 15. Bg3 g5 16. Qd1 Rg8 17. Kg2 f4 18. Bh2 e5 19. d5 Nf8 20. Bd3 Ng6 21. Bxg6 Rxg6 22. Rh1 Rag8 23. Qd3 Qh4 24. Qf5 h5 25. Kf1 g4 26. hxg4 hxg4 27. Ke2 gxf3+ 28. Kxf3 e4+ 29. Nxe4 Nxe4 30. Kxe4 fxe3+ 31. Kxe3 Bg5+ 32. Bf4 Bxf4+ 33. Qxf4 Re8+ 34. Kf3 Qxh1+ 35. Rxh1+ Kg7 36. Rh5 Rf8 37. Rf5 Rgf6 38. Rxf6 Rxf6 39. Qxf6+ Kxf6 40. Kf4 a6 41. b4 a5 42. b5 a4 43. a3 Kg6 44. Kg4 Kf6 45. Kf4 Kg6 46. Ke4 Kg5 47. f3 Kg6 48. Kf4 Kf6 49. Kg4 Ke5 50. Kg5 Kd4 51. f4 Kxc4 52. f5 Kb3 53. f6 Kxa3 54. f7 Kb2 55. f8=Q a3 56. Qf2+ Kb3 57. Qe3+ Kb2 58. Qd2+ Kb3 59. Qd3+ Kb2 60. Qd4+ Kb1 61. Qd3+ Kb2 62. Qd4+ Kb1 63. Qb4+ Ka2 64. Kf6 c5 65. bxc6 b5 66. c7 Ka1 67. Qxa3+ Kb1 68. Qxd6 1-0


[Site "https://www.chess.com"]

[Event "Titled Tuesday Blitz November 29 Early 2022"]
[White "Vlassov, Nikolai"]
[Black "Zemlyanskii, Ivan"]
[WhiteFideId "4103360"]
[BlackFideId "24249971"]
[WhiteElo "2324"]
[BlackElo "2107"]
[Result "0-1"]
[Round "10"]
[TimeControl "180+1"]
[Date "2022.11.30"]
[WhiteClock "0:00:03"]
[BlackClock "0:00:07"]

1. e4 c5 2. c3 Nf6 3. e5 Nd5 4. d4 cxd4 5. cxd4 d6 6. Bc4 Nb6 7. Bb3 dxe5 8. Qh5 e6 9. dxe5 Nc6 10. Nc3 Qd3 11. Bf4 Bd7 12. Rd1 Qg6 13. Qh3 Na5 14. Nf3 Nxb3 15. axb3 Bc6 16. O-O Be7 17. Nd4 O-O 18. Nxc6 bxc6 19. Rd3 Rfd8 20. Rg3 Qc2 21. Qg4 g6 22. Bg5 Bxg5 23. Qxg5 Nd5 24. h4 Nxc3 25. bxc3 Rd3 26. h5 Qxc3 27. h6 Rxg3 28. Qf6 Kf8 29. Qh8+ Ke7 30. Qxa8 Rd3 31. Qxa7+ Rd7 32. Qa3+ c5 33. Rc1 Qxe5 34. Qxc5+ Qxc5 35. Rxc5 Rd1+ 36. Kh2 Rb1 37. Rb5 Kf6 38. g4 g5 39. Rb7 Kg6 40. Kg2 f6 41. Rb6 Re1 42. b4 Kxh6 43. b5 Kg6 44. Rb8 Rb1 45. b6 f5 46. f3 Kf6 47. b7 Kg7 48. Kg3 Rb4 49. Kf2 f4 50. Ke2 e5 51. Kd3 h6 52. Kc3 Rb1 53. Kc4 e4 54. fxe4 f3 55. Rd8 f2 56. Rd7+ Kf6 57. Rd6+ Ke5 58. Rd1 Rxb7 59. Rf1 Rb2 60. Kd3 Kf4 0-1


[Site "https://www.chess.com"]

[Event "Titled Tuesday Blitz November 29 Early 2022"]
[White "Vysochin, Spartak"]
[Black "Zaichenko, Daria"]
[WhiteFideId "14103516"]
[BlackFideId "4197453"]
[WhiteElo "2412"]
[BlackElo "2039"]
[Result "1/2-1/2"]
[Round "10"]
[TimeControl "180+1"]
[Date "2022.11.30"]
[WhiteClock "0:00:14"]
[BlackClock "0:00:17"]

1. d4 d5 2. Nf3 Bf5 3. Bf4 c6 4. e3 e6 5. Bd3 Bxd3 6. Qxd3 Nf6 7. h3 Be7 8. O-O O-O 9. c4 Ne4 10. Nc3 f5 11. Nd2 Nd7 12. Rac1 Ndf6 13. a3 dxc4 14. Nxc4 Nxc3 15. Qxc3 Nd5 16. Qc2 Nxf4 17. exf4 Qxd4 18. g3 Bf6 19. Rfd1 Qc5 20. Nd6 Qxc2 21. Rxc2 Rad8 22. Rcd2 b6 23. Rc1 c5 24. Rcd1 Rd7 25. Nb5 Rxd2 26. Rxd2 a6 27. Nc7 e5 28. fxe5 Bxe5 29. Nxa6 Ra8 30. Re2 Bxb2 31. Rxb2 Rxa6 32. Rb3 c4 33. Rc3 Ra4 34. Kf1 b5 35. Ke2 b4 36. axb4 Rxb4 37. Ke3 Kf7 38. Kd4 Ke6 39. Rxc4 Rxc4+ 40. Kxc4 Ke5 41. f3 g5 42. Kd3 h5 43. Ke3 f4+ 44. gxf4+ gxf4+ 45. Kd3 Kf5 46. h4 Ke5 47. Kc4 Ke6 48. Kd4 Kf5 49. Kd5 Kf6 50. Ke4 Ke6 51. Kxf4 Kf6 52. Ke4 Ke6 53. f4 Kf6 54. Kf3 Kf5 55. Kg3 Ke4 56. Kg2 Kxf4 57. Kh3 Kf3 58. Kh2 Kg4 59. Kg1 Kxh4 60. Kh2 Kg4 61. Kg2 h4 62. Kh2 h3 63. Kh1 Kg3 64. Kg1 h2+ 65. Kh1 Kh3 1/2-1/2


[Site "https://www.chess.com"]

[Event "Titled Tuesday Blitz November 29 Early 2022"]
[White "Wagner, Dennis"]
[Black "Skliarov, Viktor"]
[WhiteFideId "24650684"]
[BlackFideId "14106736"]
[WhiteElo "2470"]
[BlackElo "2284"]
[Result "1-0"]
[Round "10"]
[TimeControl "180+1"]
[Date "2022.11.30"]
[WhiteClock "0:00:26"]
[BlackClock "0:00:06"]

1. d4 Nf6 2. Nf3 g6 3. c4 Bg7 4. Nc3 O-O 5. e4 d6 6. Be2 Bg4 7. Be3 Nc6 8. d5 Bxf3 9. gxf3 Ne5 10. f4 Ned7 11. h4 c6 12. h5 cxd5 13. exd5 Qa5 14. Bd4 Nc5 15. a3 Nce4 16. b4 Nxc3 17. Bxc3 Qc7 18. h6 Bh8 19. f5 Ne4 20. Bxh8 Kxh8 21. Qd4+ Nf6 22. Kf1 gxf5 23. Bd3 Rg8 24. Bxf5 Rg5 25. Bd3 a5 26. Re1 axb4 27. axb4 Rag8 28. Re3 b5 29. Ke2 bxc4 30. Bxc4 Re5 31. Rc1 Rg4 32. f4 Rxe3+ 33. Kxe3 Qb8 34. b5 Qg8 35. Be2 Rh4 36. b6 Qg3+ 37. Kd2 Qxf4+ 38. Qxf4 Rxf4 39. Rc8+ Ng8 40. b7 Rb4 41. b8=Q Rxb8 42. Rxb8 1-0


[Site "https://www.chess.com"]

[Event "Titled Tuesday Blitz November 29 Early 2022"]
[White "Weetik, Vjacheslav"]
[Black "Cappelletto, Joshuaede"]
[WhiteFideId "4153472"]
[BlackFideId "2824383"]
[WhiteElo "2469"]
[BlackElo "2237"]
[Result "1/2-1/2"]
[Round "10"]
[TimeControl "180+1"]
[Date "2022.11.30"]
[WhiteClock "0:00:05"]
[BlackClock "0:00:09"]

1. d4 Nf6 2. Nf3 b6 3. c4 Bb7 4. g3 g6 5. Bg2 Bg7 6. O-O O-O 7. d5 e6 8. Nc3 c6 9. e4 cxd5 10. exd5 exd5 11. cxd5 Na6 12. Bf4 Re8 13. Nd4 Nh5 14. Bd6 Nc5 15. Ndb5 Ba6 16. a4 Qf6 17. Bxc5 bxc5 18. Ne4 Qb6 19. Ned6 Bxb5 20. Nxb5 a6 21. Na3 Qxb2 22. Nc2 Rab8 23. Rc1 Qb3 24. d6 Qxa4 25. Qd2 Rb2 26. Qd3 c4 27. Qd1 c3 28. Qd3 Qb5 29. Qf3 Qb3 30. Ne3 c2 31. Nd5 Qxf3 32. Bxf3 Nf6 33. Nc7 Rc8 34. Rfe1 a5 35. Re2 a4 36. Rcxc2 Rxc2 37. Rxc2 Ne8 38. Bb7 Rb8 39. Nxe8 Rxe8 40. Rc7 a3 41. Bd5 Rd8 42. Ra7 Be5 43. Rxa3 Bxd6 44. Ra7 Bf8 45. Rb7 Kg7 46. Kg2 f5 47. h4 Kf6 48. Ra7 Bc5 49. Rb7 Ke5 50. Bf3 Ke6 51. Rc7 Kd6 52. Rb7 Re8 53. Rb2 Re1 54. Rd2+ Ke7 55. Rc2 d6 56. Bd5 Kf6 57. Bg8 h6 58. Bd5 g5 59. hxg5+ hxg5 60. Bc6 g4 61. Bd7 Kg5 62. Rd2 Re5 63. Bc8 f4 64. gxf4+ Kxf4 65. Rc2 Kg5 66. Rc4 Re2 67. Rxg4+ Kh5 68. Rf4 Kg5 69. Rf5+ Kg6 70. Rf3 Kg5 71. Rf5+ Kg6 72. Rf3 Rb2 73. Bf5+ Kg5 74. Be6 Rc2 75. Rf5+ Kg6 76. Rf3 Rd2 77. Bf5+ Kg5 78. Be6 Kg6 79. Bf5+ Kf6 80. Bd7+ Ke5 81. Kg3 Kd4 82. Rf4+ Kc3 83. Rf3+ Rd3 84. Rxd3+ Kxd3 85. Kf3 Bd4 86. Bf5+ Kc3 87. Ke2 Bf6 88. f3 d5 89. Bd3 d4 90. Be4 Bg5 91. Bf5 1/2-1/2


[Site "https://www.chess.com"]

[Event "Titled Tuesday Blitz November 29 Early 2022"]
[White "Womacka, Mathias"]
[Black "Jiganchine, Roman"]
[WhiteFideId "4611390"]
[BlackFideId "2603667"]
[WhiteElo "2378"]
[BlackElo "2328"]
[Result "1-0"]
[Round "10"]
[TimeControl "180+1"]
[Date "2022.11.30"]
[WhiteClock "0:00:13"]
[BlackClock "0:00:01"]

1. e4 c6 2. d4 d5 3. Nd2 dxe4 4. Nxe4 Nf6 5. Nxf6+ exf6 6. Bc4 Bd6 7. Qe2+ Be7 8. Nf3 O-O 9. O-O Na6 10. Re1 Bd6 11. c3 Nc7 12. h3 Ne6 13. Be3 Bd7 14. Rad1 a5 15. d5 cxd5 16. Bxd5 Qc7 17. Qd2 Ra6 18. Nd4 Nxd4 19. Bxd4 Bf5 20. Qe3 a4 21. Qf3 Bc8 22. c4 Bb4 23. Bc3 Bc5 24. Re4 f5 25. Re2 Rg6 26. Rde1 Qb6 27. Re8 Bd7 28. Rxf8+ Bxf8 29. Bxb7 h6 30. Bd5 Bc5 31. Rd1 Qa7 32. b4 axb3 33. axb3 Qa2 34. Bxf7+ Kxf7 35. Rxd7+ Ke8 36. Rd5 Bb6 37. Qxf5 Qb1+ 38. Qxb1 1-0


[Site "https://www.chess.com"]